 Dungeon Crawl Stone Soup version 0.31-a0-986-g5e6e4ef867 (webtiles) character file.

Game seed: 13363032001437241987

268 lunkers the Ruffian (level 6, -12/47 HPs)
             Began as a Meteoran Shapeshifter on Nov 7, 2023.
             Killed by divine providence
             ... invoked by an orc priest
              (14 damage)
             ... on level 4 of the Dungeon.
             The game lasted 00:02:26 (1057 turns).

lunkers the Ruffian (Meteoran Shapeshifter)         Turns: 1057, Time: 00:02:26

Health: -12/47     AC:  8    Str: 16    XL:     6   Next: 74%
Magic:  7/7        EV:  4    Int: 12    God:
Gold:   87         SH:  0    Dex: 15    Spells: 5/5 levels left

rFire   . .          .
                       - Unarmed
rCold   . . .        (no shield)
rNeg    . . .        m - +0 chain mail
rPois   .            (helmet currently unavailable)
rElec   .            (cloak currently unavailable)
rCorr   .            (gloves currently unavailable)
SInv    .            (boots currently unavailable)
Will    .....        (no amulet) Stlth
                     (no ring)
HPRegen 0.27/turn    (no ring)
MPRegen 0.10/turn

%: no passive effects
@: beast-form, glowing, constricted
A: beast (slay +3), sense surroundings 1, otherworldly, glowing, explore regen
a: Begin Untransformation


You were on level 4 of the Dungeon.
You were a hulking beast.
You visited 1 branch of the dungeon, and saw 4 of its levels.

You collected 87 gold pieces.

Inventory:

Armour
 a - a +0 animal skin
 h - a +0 pair of boots
 m - a +0 chain mail (worn)
Talismans
 c - a beast talisman
 d - a flux talisman
Scrolls
 e - a scroll of vulnerability {unknown}
 f - 2 scrolls of amnesia {unknown}
 j - 3 scrolls of poison {unknown}
 l - a scroll of summoning {unknown}
 n - a scroll of immolation {unknown}
 p - a scroll of identify {unknown}
Potions
 b - a potion of lignification
 g - a potion of mutation {unknown}
 i - a potion of heal wounds {unknown}
 k - a potion of haste {unknown}
 o - a potion of attraction {unknown}


   Skills:
 - Level 1.1 Fighting
 - Level 2.1 Dodging
 * Level 7.0 Unarmed Combat
 + Level 5.2 Shapeshifting


You had 5 spell levels left.
You didn't know any spells.
Your spell library contained the following spells:

 Spells                   Type           Power      Damage    Failure   Level
 Magic Dart               Conj           0%         1d3       99%         1
 Call Imp                 Summ           0%         N/A       100%        2
 Scorch                   Fire           0%         2d5       100%        2
 Call Canine Familiar     Summ           0%         N/A       100%        3
 Mephitic Cloud           Conj/Pois/Air  0%         N/A       100%        3
 Sigil of Binding         Hex            0%         N/A       100%        3
 Dimensional Bullseye     Hex/Tloc       0%         N/A       100%        4
 Flame Wave               Conj/Fire      0%         2d4       100%        4
 Leda's Liquefaction      Hex/Erth       0%         N/A       100%        4
 Summon Cactus Giant      Summ           0%         N/A       100%        6


Dungeon Overview and Level Annotations

Branches:
Dungeon (4/15) Zot: 1360
 Temple: D:4-7

Altars:


Innate Abilities, Weirdness & Mutations

You are a hulking beast.
Your limbs bulge with bestial killing power. (Slay +3)
You passively map a small area around you.
You are easily found by Zot.
You glow in the dark.
You regain HP and MP as you explore.


Message History

The orc priest hits you but does no damage.
The orc hits you but does no damage. x2
The ball python bites you but does no damage.
The ball python constricts you.
The gnoll hits you from afar with a +2 heavy spear.
* * * LOW HITPOINT WARNING * * *
Unknown command.
You hit the orc priest.
The orc priest is moderately wounded.
The ball python bites you.
* * * LOW HITPOINT WARNING * * *
The ball python constricts you.
The gnoll hits you with a +1 flail of protection.
* * * LOW HITPOINT WARNING * * *
The orc priest hits you with a +0 club.
* * * LOW HITPOINT WARNING * * *
The orc hits you with a +0 club.
* * * LOW HITPOINT WARNING * * *
The orc hits you but does no damage.
You hit the orc priest.
The orc priest is severely wounded.
The ball python bites you but does no damage.
The ball python constricts you. The gnoll closely misses you.
The orc priest hits you with a +0 club.
* * * LOW HITPOINT WARNING * * *
The orc hits you with a +0 club.
* * * LOW HITPOINT WARNING * * *
The orc hits you with a +0 dagger.
* * * LOW HITPOINT WARNING * * *
The gnoll barely misses you.
Unknown command.
You hit the orc priest but do no damage.
The orc priest is severely wounded.
The ball python bites you but does no damage.
The ball python constricts you.
The gnoll hits you with a +1 flail of protection.
* * * LOW HITPOINT WARNING * * *
The orc priest calls down the wrath of Beogh upon you.
Beogh smites you!
You die...

..........).........
*,
....................
* ,
.........<..........
,
.....#.##.........#.
###..## ###....#.##
, #.. * ##.###.# , .
,.. ,, #..##.# ,...
,8 ##.##o##..... , *
#...hg...... , ,
#..Soo...... , *
....#..##g....., ,
,,#...#..# #..... ,
, ##...... .....
#....... ...# ,
,......... ..#
..#....$..,,... *


You could see an orc priest, 2 gnolls, 2 orcs and a ball python.

Vanquished Creatures
  An orc priest (D:4)
  An iguana (D:4)
  2 orc wizards
  9 adders
  A gnoll (D:4)
  2 worms
  2 dart slugs (D:2)
  5 orcs (D:3)
  A ball python (D:3)
  5 bats
  4 endoplasms
  A giant cockroach (D:3)
  6 goblins
  6 hobgoblins
  4 jackals (D:3)
  4 kobolds
  2 quokkas
  2 frilled lizards (D:3)
  7 rats
65 creatures vanquished.

Notes
Turn   | Place    | Note
-------+----------+-------------------------------------------
     0 | D:1      | lunkers the Meteoran Shapeshifter began the quest for the
                  | Orb.
     0 | D:1      | Reached XP level 1. HP: 16/16 MP: 2/2
    78 | D:1      | Reached skill level 4 in Unarmed Combat
    78 | D:1      | Reached XP level 2. HP: 23/23 MP: 3/3
   275 | D:2      | Reached XP level 3. HP: 20/28 MP: 4/4
   316 | D:2      | Reached XP level 4. HP: 23/35 MP: 5/5
   342 | D:2      | Reached skill level 5 in Unarmed Combat
   513 | D:2      | Reached XP level 5. HP: 36/40 MP: 6/6
   608 | D:3      | Reached skill level 6 in Unarmed Combat
   724 | D:3      | Reached XP level 6. HP: 45/47 MP: 7/7
  1030 | D:4      | Reached skill level 5 in Shapeshifting
  1053 | D:4      | Reached skill level 7 in Unarmed Combat
  1057 | D:4      | HP: 2/47 [gnoll/+1 flail of protection (2)]
  1057 | D:4      | Killed from afar by an orc priest

Illustrated notes

Levels and vault maps discovered:
D:1:      roderic_chinese_lattice_arrival, layout_basic,
          ebering_ecumenical_altar_abandoned, minmay_worlds_worst_comb
D:2:      layout_rooms, uniq_terence
D:3:      layout_basic, kennysheep_generic_room_8
D:4:      layout_cave_pools, temple_doors_e, gammafunk_ghost_necromancy,
          st_stairs_1, kennysheep_windowed_goal

Skill      XL: |  1  2  3  4  5  6 |
---------------+-------------------+-----
Unarmed Combat | 4 5 6 7 |  7.0
Shapeshifting  | 4 5 |  5.2
Fighting       | |  1.1
Dodging        | |  2.1

Action                     |  1- 3 |  4- 6 || total
---------------------------+-------+-------++-------
  Melee: Unarmed           |    48 |   126 ||   174
         Punch             |     2 |     8 ||    10
 Armour: Animal skin       |    20 |     5 ||    25
         Chain mail        |       |    92 ||    92
  Dodge: Dodged            |    26 |    41 ||    67

Table legend: (Time is in decaauts)
 A = Elapsed time spent in this place.
 B = Non-inter-level travel time spent in this place.
 C = Inter-level travel time spent in this place.
 D = Time resting spent in this place.
 E = Time spent auto-exploring this place.
 F = Levels seen in this place.
 G = Mean time per level.
                   A        B        C        D        E       F      G
               +--------+--------+--------+--------+--------+-----+--------+
         Total |   1038 |   1001 |     37 |      0 |    659 |   4 |  259.5 |
       Dungeon |   1038 |   1001 |     37 |      0 |    659 |   4 |  259.5 |
               +--------+--------+--------+--------+--------+-----+--------+

Top non-repeatable levels by time:
     D:3: 490 daAuts
     D:1: 266 daAuts
     D:2: 242 daAuts
     D:4: 39 daAuts
